 Dungeon Crawl Stone Soup version 0.27-a0-808-g60bc5d92e6 (webtiles) character file.

Game seed: 17180946827346281107

58 spiderkeys the Chopper (level 3, -3/33 HPs)
             Began as a Minotaur Berserker on Mar 29, 2021.
             Was a Believer of Trog.
             Slain by a hound (4 damage)
             ... on level 6 of the Dungeon.
             The game lasted 00:01:44 (2287 turns).

spiderkeys the Chopper (Minotaur Berserker)         Turns: 2287, Time: 00:01:44

Health: -3/33      AC:  2    Str: 22    XL:     3   Next: 76%
Magic:  2/2        EV: 12    Int:  4    God:    Trog [**....]
Gold:   71         SH:  0    Dex:  9    Spells: 2/2 levels left

rFire    . . .     SeeInvis .   a - +0 hand axe
rCold    . . .     Faith    .   (no shield)
rNeg     . . .     Spirit   .   b - +0 animal skin
rPois    +         Reflect  .   (helmet restricted)
rElec    .         Harm     .   (no cloak)
rCorr    .         Rampage  .   (no gloves)
Will     .....                  (no boots)
Stlth    +.........             (no amulet)
HPRegen  0.11/turn              h - ring of poison resistance
MPRegen  0.08/turn              (no ring)

@: no status effects
A: horns 2, retaliatory headbutt
a: Renounce Religion, Berserk, Trog's Hand


You were on level 6 of the Dungeon.
You worshipped Trog.
Trog was pleased with you.
You visited 1 branch of the dungeon, and saw 4 of its levels.

You collected 71 gold pieces.

Inventory:

Hand Weapons
 a - a +0 hand axe (weapon)
Armour
 b - a +0 animal skin (worn)
Jewellery
 h - a ring of poison resistance (left hand)
Wands
 k - a wand of flame (12)
Scrolls
 c - 4 scrolls of teleportation {unknown}
 d - 2 scrolls of identify {unknown}
 j - 2 scrolls of vulnerability {unknown}
 l - a scroll of noise {unknown}
Potions
 e - a potion of heal wounds {unknown}
 f - 2 potions of resistance {unknown}
 g - a potion of ambrosia {unknown}
 i - a potion of curing {unknown}
 m - a potion of flight {unknown}


   Skills:
 + Level 4.1 Fighting
 * Level 4.6 Axes
 + Level 3.1 Armour
 + Level 2.7 Dodging


You had 2 spell levels left.
You didn't know any spells.
Your spell library contained the following spells:

 Spells                   Type           Power      Damage    Failure   Level
 Beastly Appendage        Tmut           0%         N/A       50%         1
 Wereblood                Tmut           0%         N/A       65%         2
 Spider Form              Tmut/Pois      0%         N/A       86%         3
 Ice Form                 Ice/Tmut       0%         N/A       99%         4
 Blade Hands              Tmut           0%         N/A       100%        5


Dungeon Overview and Level Annotations

Branches:
Dungeon (3/15)

Altars:


Innate Abilities, Weirdness & Mutations

You have a pair of horns on your head.
You reflexively headbutt those who attack you in melee.


Message History

Things that are here:
a +0 short sword; a +0 leather armour
There is a stone staircase leading up here.
You see here a +0 hunting sling.
You hear the slow rusting of a distant drain.
You fall into a shaft and drop 3 floors!
The shaft crumbles and collapses.
A hound comes into view.
The hound barks!
Found a ring mail and 16 stones.
A hound comes into view.
The hound barks!
The hound closely misses you.
A water moccasin skeleton comes into view.
The hound bites you but does no damage.
You hit the hound.
The hound is lightly wounded.
The hound bites you. The hound barely misses you.
You closely miss the hound. You headbutt the hound!
The hound is severely wounded.
A killer bee zombie comes into view.
The hound bites you. The hound bites you. The hound closely misses you.
You barely miss the hound. The hound closely misses you. The hound bites you.
The hound stops to sniff the ground.
You hit the hound.
The hound is moderately wounded.
The hound misses you. The hound bites you. The hound bites you.
The hound bites you. x2
* * * LOW HITPOINT WARNING * * *
You barely miss the hound.
You headbutt the hound, but do no damage.
The hound is moderately wounded.
The hound bites you.
* * * LOW HITPOINT WARNING * * *
The hound bites you.
* * * LOW HITPOINT WARNING * * *
The hound bites you.
You die...

#### ... # ###
#.# .# ...##
#.###.#
.....###.....#
........h@.#
........h.##
..###..#.#
#.##.# ..
#Z##.# ..
#.##..
#.###Z##..
##....Z####.#
.....#.....#.#


You could see 2 hounds and a water moccasin skeleton.

Vanquished Creatures
  An adder (D:2)
  3 dart slugs (D:1)
  5 orcs (D:3)
  5 endoplasms
  3 giant cockroaches
  5 goblins
  2 hobgoblins
  A ball python (D:1)
  3 bats
  2 frilled lizards (D:1)
  2 kobolds (D:2)
  5 rats
37 creatures vanquished.

Notes
Turn   | Place    | Note
-------+----------+-------------------------------------------
     0 | D:1      | spiderkeys the Minotaur Berserker began the quest for the
                  | Orb.
     0 | D:1      | Reached XP level 1. HP: 19/19 MP: 0/0
   498 | D:1      | Reached XP level 2. HP: 25/27 MP: 1/1
  1256 | D:2      | Reached XP level 3. HP: 29/33 MP: 2/2
  1438 | D:2      | Reached ** piety under Trog
  2270 | D:3      | You fall into a shaft and drop 3 floors!
  2283 | D:6      | HP: 1/33 [hound (1)]
  2287 | D:6      | Slain by a hound

Illustrated notes

Levels and vault maps discovered:
D:1:      lightli_molten_gateway, layout_loops_ring
D:2:      layout_loops_corners
D:3:      layout_loops_ring, gammafunk_temple_overflow_statue,
          overflow_temple_1_default, gup_sewer_entry_spiral, lemuel_tele_altar,
          uniq_robin
D:6:      layout_rooms

Skill      XL: |  1  2  3 |
---------------+----------+-----
Axes           | 4 |  4.6
Fighting       | 4 |  4.1
Armour         | 3 |  3.1
Dodging        | |  2.7

Action                   || total
-------------------------++-------
Melee: Hand axe          ||    80
       Headbutt          ||    11
Armor: Animal skin       ||    10
Dodge: Dodged            ||    52

Table legend: (Time is in decaauts)
 A = Elapsed time spent in this place.
 B = Non-inter-level travel time spent in this place.
 C = Inter-level travel time spent in this place.
 D = Time resting spent in this place.
 E = Time spent auto-exploring this place.
 F = Levels seen in this place.
 G = Mean time per level.
                   A        B        C        D        E       F      G
               +--------+--------+--------+--------+--------+-----+--------+
         Total |   2292 |   2226 |     66 |      0 |   1899 |   4 |  573.0 |
       Dungeon |   2292 |   2226 |     66 |      0 |   1899 |   4 |  573.0 |
               +--------+--------+--------+--------+--------+-----+--------+

Top non-repeatable levels by time:
     D:1: 1134 daAuts
     D:2: 919 daAuts
     D:3: 222 daAuts
     D:6: 17 daAuts
